[Event "Titled Tuesday Blitz October 11 Early 2022"]
[White "Zierk, Steven"]
[Black "Rustemov, Alexander"]
[WhiteFideId "2034255"]
[BlackFideId "4119002"]
[WhiteElo "2494"]
[BlackElo "2833"]
[Result "0-1"]
[Round "07"]
[TimeControl "180+1"]
[Date "2022.10.11"]
[WhiteClock "0:00:07"]
[BlackClock "0:00:04"]

1. e4 e6 2. d4 d5 3. Nd2 dxe4 4. Nxe4 Bd7 5. Nf3 Bc6 6. Bd3 Nd7 7. O-O Ngf6 8. Ng3 Be7 9. b3 b5 10. Qe2 b4 11. Bb5 Bxb5 12. Qxb5 O-O 13. a4 Nd5 14. Ne4 N7f6 15. Qd3 a5 16. Ne5 Nxe4 17. Qxe4 Bf6 18. Bb2 Qd6 19. Nc4 Qa6 20. Rad1 Rfd8 21. Rd3 g6 22. Rf3 Bg7 23. Ne5 Bxe5 24. Qxe5 Qd6 25. Qg5 Qe7 26. Qg3 Rd7 27. h4 h5 28. Rd1 Kg7 29. Qe5+ f6 30. Qe4 Qf7 31. Re1 Ra6 32. Rg3 Rad6 33. Qe2 Ne7 34. d5 Rxd5 35. Qxe6 Rd1 36. Re3 Qxe6 37. Rxe6 Rxe1+ 38. Rxe1 Kf7 39. Kf1 Nf5 40. Re4 c5 41. Rc4 Rd5 42. g3 Ke6 43. Rf4 Rd2 44. Rc4 Rd5 45. Ke2 Nd6 46. Rf4 f5 47. Rf3 Ne4 48. Re3 Rd2+ 49. Ke1 Rxc2 50. Bg7 Kd5 51. f3 Nd2 52. Re5+ Kd6 53. Re3 c4 54. bxc4 Nxc4 55. Rd3+ Kc6 56. Bf6 Ra2 57. Rd4 Kc5 58. Rd8 Rxa4 59. Be7+ Kc6 60. Rg8 b3 61. Rxg6+ Kb5 62. Bf6 b2 63. Bxb2 Nxb2 64. Rg5 Rc4 65. Rxh5 Rc5 66. Rxf5 Rxf5 0-1


[Site "https://www.chess.com"]

[Event "Titled Tuesday Blitz October 11 Early 2022"]
[White "Aarav Dengla"]
[Black "Demin, Vladimir"]
[WhiteFideId "45059756"]
[BlackFideId "4167457"]
[WhiteElo "2257"]
[BlackElo "2569"]
[Result "1/2-1/2"]
[Round "08"]
[TimeControl "180+1"]
[Date "2022.10.12"]
[WhiteClock "0:00:40"]
[BlackClock "0:01:15"]

1. e4 Nf6 2. e5 Nd5 3. d4 d6 4. Nf3 dxe5 5. Nxe5 c6 6. Be2 Nd7 7. Nxd7 Bxd7 8. c4 Nf6 9. Nc3 Bf5 10. O-O e6 11. h3 Bd6 12. Be3 Bc7 13. Qb3 Rb8 14. Qa3 a5 15. f4 Bd6 16. Qa4 O-O 17. g4 Bg6 18. c5 Bc7 19. Qd1 Be4 20. Nxe4 Nxe4 21. Bf3 Nf6 22. Qd2 Nd5 23. Bxd5 Qxd5 24. Qg2 Rfd8 25. Qxd5 Rxd5 26. Kg2 Rbd8 27. Kf3 R8d7 28. Rac1 Bd8 29. g5 f6 30. h4 Kf7 31. Rc3 h6 32. gxh6 gxh6 33. Rg1 f5 34. h5 Bf6 35. Rg6 Bxd4 36. Bxd4 Rxd4 37. Rxh6 Rd3+ 38. Rxd3 Rxd3+ 39. Ke2 Rd5 40. Rh7+ Kf6 41. Rxb7 Rxc5 42. h6 Rc2+ 43. Kd3 Rh2 44. h7 e5 45. Ke3 Rh3+ 46. Kf2 exf4 47. Kg2 Rh6 48. Kf3 Rh4 49. Rc7 Ke5 50. a3 Rh3+ 51. Kg2 Rh6 52. b4 axb4 53. axb4 Ke4 54. Re7+ Kd5 55. Kf3 Kc4 56. Kxf4 Kxb4 57. Kxf5 c5 58. Kg5 Rh1 59. Kg6 c4 60. Kg7 c3 61. Rc7 Kb3 62. h8=Q Rxh8 63. Kxh8 c2 64. Kg7 Kb2 65. Rb7+ Kc3 66. Rc7+ Kd2 67. Kf6 c1=Q 68. Rxc1 Kxc1 1/2-1/2


[Site "https://www.chess.com"]

[Event "Titled Tuesday Blitz October 11 Early 2022"]
[White "Aguilar, Juan"]
[Black "Laohawirapap, Prin"]
[WhiteFideId "3800091"]
[BlackFideId "6205003"]
[WhiteElo "2382"]
[BlackElo "2113"]
[Result "0-1"]
[Round "08"]
[TimeControl "180+1"]
[Date "2022.10.12"]
[WhiteClock "0:00:02"]
[BlackClock "0:00:10"]

1. d4 Nf6 2. c4 g6 3. Nc3 Bg7 4. e4 d6 5. Nf3 O-O 6. Be2 e5 7. d5 a5 8. Bg5 h6 9. Bh4 Na6 10. Nd2 c6 11. O-O Nc5 12. b3 Nfxe4 13. Bxd8 Nxc3 14. Qe1 Nxe2+ 15. Qxe2 Rxd8 16. Rad1 Bf5 17. Nf3 cxd5 18. Rxd5 Be4 19. Rd2 Bc6 20. Rfd1 Ne4 21. Rd3 f5 22. c5 d5 23. Qc2 d4 24. Nh4 Kh7 25. f3 Nc3 26. Rxc3 dxc3 27. Rxd8 Rxd8 28. Qxc3 e4 29. Qc2 e3 30. g4 Rd2 31. Qc4 e2 32. Kf2 Bd5 33. Qf4 Bd4+ 34. Ke1 Bc3 35. Kf2 e1=Q+ 36. Kxe1 Rd4+ 0-1


[Site "https://www.chess.com"]

[Event "Titled Tuesday Blitz October 11 Early 2022"]
[White "Aldokhin, Ivan"]
[Black "Sohier, Julien"]
[WhiteFideId "24115720"]
[BlackFideId "645346"]
[WhiteElo "2313"]
[BlackElo "2209"]
[Result "1-0"]
[Round "08"]
[TimeControl "180+1"]
[Date "2022.10.12"]
[WhiteClock "0:00:05"]
[BlackClock "0:00:03"]

1. e4 e5 2. Nf3 Nc6 3. Bb5 a6 4. Ba4 Nf6 5. O-O Nxe4 6. Re1 Nc5 7. Bxc6 dxc6 8. Nxe5 Be7 9. b3 O-O 10. Bb2 Bf5 11. d3 Nd7 12. Qf3 Be6 13. Ng4 Bxg4 14. Qxg4 Bf6 15. d4 Re8 16. Nd2 c5 17. Nf3 Rxe1+ 18. Rxe1 cxd4 19. Bxd4 Bxd4 20. Nxd4 Nf6 21. Qf4 Qd7 22. h3 Nd5 23. Qe5 f6 24. Qe4 c6 25. Nf5 g6 26. Ne7+ Nxe7 27. Qxe7 Qxe7 28. Rxe7 Rd8 29. Rxb7 Rd1+ 30. Kh2 Rd2 31. Kg3 Rxc2 32. a4 Rc3+ 33. f3 a5 34. Kf4 h5 35. g4 hxg4 36. hxg4 g5+ 37. Ke4 Kf8 38. f4 gxf4 39. Kxf4 Ke8 40. Kf5 Rg3 41. Ke6 Kd8 42. Rg7 Rxb3 43. Kxf6 Rb4 44. Ke6 Rxa4 45. g5 Rg4 46. Kf5 Rg1 47. Ra7 Ke8 48. Rxa5 Kd7 49. Ra7+ Kd6 50. g6 c5 51. Kf6 c4 52. Ra8 Kd5 53. Ra5+ 1-0


[Site "https://www.chess.com"]

[Event "Titled Tuesday Blitz October 11 Early 2022"]
[White "Aloma Vidal, Robert"]
[Black "Cnejev, Vladimir-Alexandru"]
[WhiteFideId "2260409"]
[BlackFideId "1260898"]
[WhiteElo "2435"]
[BlackElo "2193"]
[Result "0-1"]
[Round "08"]
[TimeControl "180+1"]
[Date "2022.10.12"]
[WhiteClock "0:00:10"]
[BlackClock "0:00:18"]

1. e4 e5 2. Nf3 Nc6 3. Bc4 Bc5 4. b4 Bb6 5. a4 a6 6. Nc3 Nf6 7. Nd5 Nxe4 8. O-O O-O 9. d3 Nf6 10. Bg5 d6 11. Nd2 Be6 12. Ne4 Bxd5 13. Bxd5 Nxd5 14. Bxd8 Raxd8 15. b5 axb5 16. axb5 Nd4 17. c3 Ne6 18. Qb3 Ndf4 19. Rad1 Kh8 20. g3 Ng6 21. h4 d5 22. Ng5 Nc5 23. Qa2 f6 24. d4 fxg5 25. dxc5 Bxc5 26. Rxd5 b6 27. h5 Ne7 28. Rxe5 Nf5 29. Kg2 Nd6 30. Qe2 h6 31. g4 Rf4 32. f3 Rdf8 33. Re6 Nc4 34. Re8 Rxe8 35. Qxe8+ Rf8 36. Qe6 Ne3+ 37. Kf2 Nxf1+ 38. Kxf1 Rxf3+ 39. Ke2 Re3+ 40. Qxe3 Bxe3 41. Kxe3 Kg8 42. Ke4 Kf7 43. Kf5 Ke7 44. Ke5 Kf7 45. Kf5 Ke7 46. Ke5 Kf7 47. c4 g6 48. hxg6+ Kxg6 49. Kd5 h5 50. gxh5+ Kxh5 51. Kc6 g4 52. Kxc7 g3 53. Kxb6 g2 54. Kb7 g1=Q 55. Kc6 Kg6 56. c5 Kf7 57. Kd6 Qg3+ 58. Kd7 Qb8 59. b6 Qb7+ 60. Kd6 Ke8 61. c6 Qxb6 62. Kd5 Kd8 63. Kd6 Kc8 64. Kd5 Kc7 65. Ke6 Qxc6+ 66. Ke7 Qd6+ 67. Ke8 Qd7+ 68. Kf8 Kd6 69. Kg8 Ke6 70. Kh8 Kf6 71. Kg8 Qg7# 0-1


[Site "https://www.chess.com"]

[Event "Titled Tuesday Blitz October 11 Early 2022"]
[White "Ambartsumova, Karina"]
[Black "Veleshnja, Zino"]
[WhiteFideId "4166299"]
[BlackFideId "4701313"]
[WhiteElo "2299"]
[BlackElo "2167"]
[Result "0-1"]
[Round "08"]
[TimeControl "180+1"]
[Date "2022.10.12"]
[WhiteClock "0:00:01"]
[BlackClock "0:00:09"]

1. Nf3 Nf6 2. c4 e6 3. g3 d5 4. Bg2 Be7 5. O-O O-O 6. b3 c6 7. Bb2 Nbd7 8. e3 b6 9. Qe2 Bb7 10. Nc3 e5 11. d4 e4 12. Ne5 Bd6 13. cxd5 Nxe5 14. dxe5 Bxe5 15. Nxe4 Bxb2 16. Qxb2 Nxd5 17. Rfd1 Qe7 18. Rac1 Rad8 19. h4 c5 20. Ng5 h6 21. Nf3 Nb4 22. Ne1 Bxg2 23. Kxg2 Qe4+ 24. Kg1 Nd3 25. Qc2 Nxc1 26. Qxe4 Rxd1 27. Kf1 Rfd8 28. Qf3 Nxa2 29. Qe2 Nc3 30. Qc4 Rxe1+ 31. Kg2 Rc1 32. Qa6 Nd5 33. Qxa7 Rd1 34. h5 Rd2 35. Kf3 Nf6 36. Qxb6 R2d5 37. Qc6 Rxh5 38. e4 Re5 39. Qc7 Rde8 40. Kg2 Nxe4 41. Qc6 R5e6 42. Qd5 Rf6 43. f3 Nd6 44. Qc6 Re2+ 0-1


[Site "https://www.chess.com"]

[Event "Titled Tuesday Blitz October 11 Early 2022"]
[White "Amgalantengis, Enkh-Amgalan"]
[Black "Korchmar, Vasiliy"]
[WhiteFideId "4903536"]
[BlackFideId "24131750"]
[WhiteElo "1772"]
[BlackElo "2370"]
[Result "0-1"]
[Round "08"]
[TimeControl "180+1"]
[Date "2022.10.12"]
[WhiteClock "0:01:35"]
[BlackClock "0:01:13"]

1. d4 d5 2. c4 c6 3. Nf3 Nf6 4. Nbd2 Bf5 5. g3 e6 6. Bg2 Nbd7 7. O-O Bd6 8. Re1 O-O 9. Nh4 Be4 10. f3 Bg6 11. Nxg6 hxg6 12. e4 e5 13. cxd5 cxd5 14. f4 Qb6 15. Kh1 Qxd4 16. exd5 exf4 17. Nb3 Qxd1 18. Rxd1 fxg3 19. hxg3 Ng4 20. Kg1 Bxg3 21. Rd3 Bh2+ 22. Kf1 Nde5 23. Rh3 Rac8 24. Be4 f5 25. Bb1 Rfd8 0-1


[Site "https://www.chess.com"]

[Event "Titled Tuesday Blitz October 11 Early 2022"]
[White "Ardila, Oscar Humberto"]
[Black "Podetti, Davide"]
[WhiteFideId "4404742"]
[BlackFideId "893617"]
[WhiteElo "1898"]
[BlackElo "2160"]
[Result "0-1"]
[Round "08"]
[TimeControl "180+1"]
[Date "2022.10.12"]
[WhiteClock "0:00:05"]
[BlackClock "0:00:20"]

1. d4 Nf6 2. c4 e6 3. Nc3 Bb4 4. Qc2 O-O 5. Nf3 d6 6. Bg5 h6 7. Bh4 Nc6 8. e3 d5 9. Bd3 dxc4 10. Bxc4 Be7 11. O-O Nd5 12. Bxe7 Ncxe7 13. Rad1 Nxc3 14. bxc3 b6 15. Ne5 Bb7 16. Qb3 Qd6 17. f4 Nf5 18. Rde1 Bd5 19. e4 Bxc4 20. Qxc4 Ne7 21. Re3 f6 22. Ng4 Qc6 23. Qb3 Rad8 24. Rg3 Kh7 25. Qc2 Kh8 26. Rh3 Ng8 27. f5 exf5 28. exf5 Rde8 29. Qd2 Rf7 30. d5 Qc5+ 31. Kh1 Qc4 32. Rd3 Qxg4 33. h3 Qg5 34. Qf2 Rfe7 35. d6 cxd6 36. Rxd6 Qe3 37. Qf3 Qxf3 38. Rxf3 Re3 39. Rc6 Rxf3 40. gxf3 Ne7 41. Rc7 Nxf5 42. Rxa7 Re3 43. Rc7 Rxf3 44. Kg2 Rd3 45. a4 Kh7 46. Kf2 Kg6 47. Kg2 h5 48. Rc6 Kg5 49. Rxb6 Rxc3 50. a5 Ra3 51. a6 g6 52. Kh2 h4 53. Kg2 Ng3 54. Rb5+ f5 55. Rb6 Ne4 56. Kh2 Nc5 57. Kg2 Rxa6 0-1


[Site "https://www.chess.com"]

[Event "Titled Tuesday Blitz October 11 Early 2022"]
[White "Atanasov, Anthony"]
[Black "D`Arruda, Ricardo D."]
[WhiteFideId "2623897"]
[BlackFideId "100692"]
[WhiteElo "2048"]
[BlackElo "2423"]
[Result "1-0"]
[Round "08"]
[TimeControl "180+1"]
[Date "2022.10.12"]
[WhiteClock "0:01:36"]
[BlackClock "0:00:14"]

1. e4 c5 2. Nf3 Nc6 3. c3 e6 4. d4 d5 5. exd5 exd5 6. dxc5 Bxc5 7. Be2 Nge7 8. O-O O-O 9. Bf4 Be6 10. Nbd2 h6 11. Nb3 Bb6 12. Nfd4 Qd7 13. Re1 Rfe8 14. Nxe6 fxe6 15. Bg4 Nf5 16. Qd3 Rf8 17. Rad1 Rae8 18. c4 d4 19. c5 Bd8 20. Bxf5 exf5 21. Bd6 Rxe1+ 22. Rxe1 Re8 23. Rxe8+ Qxe8 24. Kf1 Qe6 25. Nxd4 Nxd4 26. Qxd4 Qxa2 27. Be5 Qa6+ 28. Ke1 Qa1+ 29. Kd2 Ba5+ 30. Kc2 Qf1 31. b4 Qe2+ 32. Kb3 b5 33. bxa5 1-0


[Site "https://www.chess.com"]

[Event "Titled Tuesday Blitz October 11 Early 2022"]
[White "Averjanov, Alexey"]
[Black "Garv Gaur"]
[WhiteFideId "14109867"]
[BlackFideId "45030839"]
[WhiteElo "2678"]
[BlackElo "1960"]
[Result "1-0"]
[Round "08"]
[TimeControl "180+1"]
[Date "2022.10.12"]
[WhiteClock "0:00:32"]
[BlackClock "0:00:03"]

1. d4 d5 2. c4 e6 3. Nf3 Nf6 4. e3 Be7 5. Nbd2 O-O 6. Bd3 b6 7. O-O Bb7 8. Qe2 c5 9. b3 Nc6 10. Bb2 Rc8 11. Rac1 cxd4 12. exd4 Re8 13. Rfd1 Qc7 14. h3 Qb8 15. Ne5 Nxe5 16. dxe5 Nd7 17. cxd5 Bxd5 18. Nc4 Bg5 19. Rc2 Be7 20. Qh5 g6 21. Qe2 Nc5 22. Nd6 Bxd6 23. exd6 Qxd6 24. Bb5 Red8 25. Qe3 a6 26. Qc3 e5 27. Bc4 Qe6 28. Bxd5 Rxd5 29. Rxd5 Qxd5 30. b4 Rc7 31. Rd2 Ne4 32. Qxc7 Nxd2 33. Bxe5 Nc4 34. Qb8+ 1-0


[Site "https://www.chess.com"]

[Event "Titled Tuesday Blitz October 11 Early 2022"]
[White "Baskakov, Egor"]
[Black "Boros, Denes"]
[WhiteFideId "24197866"]
[BlackFideId "722340"]
[WhiteElo "2211"]
[BlackElo "2464"]
[Result "1-0"]
[Round "08"]
[TimeControl "180+1"]
[Date "2022.10.11"]
[WhiteClock "0:00:18"]
[BlackClock "0:00:22"]

1. e4 Nc6 2. Nc3 g6 3. g3 Bg7 4. Bg2 h5 5. h3 d6 6. Nge2 Nd4 7. Nxd4 Bxd4 8. O-O c5 9. d3 Bd7 10. Kh2 Bc6 11. Ne2 Bg7 12. d4 Nf6 13. Qd3 cxd4 14. Nxd4 O-O 15. Be3 Nd7 16. c4 Rc8 17. Rac1 Qa5 18. a3 Nc5 19. Qb1 Bxd4 20. Bxd4 Nb3 21. Bc3 Qb6 22. Rcd1 Bd7 23. f4 Rxc4 24. Qd3 Bb5 25. Rfe1 Rfc8 26. Qf3 Nd4 27. Qf2 e5 28. f5 gxf5 29. exf5 Bc6 30. Qe3 Nxf5 31. Qg5+ Ng7 32. Rxd6 Qf2 33. Rg1 Qf5 34. Qe3 Bxg2 35. Rxg2 Re4 36. Qd2 h4 37. gxh4 Rf4 38. Rd3 f6 39. Rdg3 Rc7 40. Qd8+ Kh7 41. Qxc7 1-0


[Site "https://www.chess.com"]

[Event "Titled Tuesday Blitz October 11 Early 2022"]
[White "Broca Jimenez, Fernando"]
[Black "Chernomordik, Pavel"]
[WhiteFideId "5104742"]
[BlackFideId "2804530"]
[WhiteElo "2062"]
[BlackElo "2217"]
[Result "1-0"]
[Round "08"]
[TimeControl "180+1"]
[Date "2022.10.12"]
[WhiteClock "0:00:09"]
[BlackClock "0:00:05"]

1. e4 g6 2. c4 Bg7 3. Nc3 e5 4. Nf3 Nc6 5. Be2 d6 6. O-O Be6 7. b3 h6 8. Bb2 Nge7 9. Nd5 Nd4 10. Nxd4 exd4 11. f4 f5 12. Bd3 O-O 13. Nxe7+ Qxe7 14. Qc2 c6 15. Rae1 Qd7 16. exf5 Bxf5 17. Bxf5 Rxf5 18. Qd3 c5 19. Qe4 Kh7 20. d3 d5 21. Qe7 Rf7 22. Qxd7 Rxd7 23. Re6 dxc4 24. bxc4 Rf8 25. g3 b6 26. Rfe1 g5 27. Bc1 Bf6 28. Kg2 Kg7 29. fxg5 hxg5 30. R1e4 Kf7 31. h3 Re7 32. Rxe7+ Bxe7 33. a4 Bf6 34. Bd2 Rb8 35. Kf3 Kg6 36. Kg4 b5 37. axb5 a6 38. bxa6 Rb2 39. Be1 Ra2 40. Re6 Kf7 41. Rc6 Be7 42. h4 gxh4 43. gxh4 Ke8 44. Bg3 Kd7 45. Rc7+ Ke6 46. a7 Bd8 47. Rb7 Ra6 48. h5 Bb6 49. Rxb6+ Rxb6 50. a8=Q 1-0


[Site "https://www.chess.com"]

[Event "Titled Tuesday Blitz October 11 Early 2022"]
[White "Buscar, Michael"]
[Black "Fernandez Hernandez, Gerardo"]
[WhiteFideId "2603616"]
[BlackFideId "2207400"]
[WhiteElo "2010"]
[BlackElo "2157"]
[Result "1-0"]
[Round "08"]
[TimeControl "180+1"]
[Date "2022.10.12"]
[WhiteClock "0:01:09"]
[BlackClock "0:00:01"]

1. Nf3 Nf6 2. g3 g6 3. Bg2 Bg7 4. d3 O-O 5. Bg5 d6 6. Qc1 e5 7. Bh6 Nc6 8. h4 Bg4 9. Qg5 Qd7 10. Nbd2 Rfe8 11. Bxg7 Kxg7 12. Ne4 Nxe4 13. dxe4 f6 14. Qd2 Rad8 15. O-O-O Ne7 16. Nh2 Be6 17. Kb1 d5 18. h5 dxe4 19. Qxd7 Rxd7 20. hxg6 hxg6 21. Bxe4 Red8 22. Rxd7 Rxd7 23. Bxb7 Rd2 24. Ba6 Bd5 25. Re1 Nc6 26. Bd3 e4 27. Kc1 exd3 28. Kxd2 dxc2 29. a3 Bb3 30. Nf1 Ne5 31. Ne3 c5 32. Nxc2 Nc4+ 33. Kc3 Bxc2 34. Kxc2 Nd6 35. f3 Nb5 36. Kd3 Kf7 37. Kc4 Nd6+ 38. Kxc5 Nf5 39. g4 Ng3 40. e4 f5 41. gxf5 gxf5 42. Kd6 f4 43. e5 Nf5+ 44. Kd7 1-0


[Site "https://www.chess.com"]

[Event "Titled Tuesday Blitz October 11 Early 2022"]
[White "Carlsen, Magnus"]
[Black "Makhnev, Denis"]
[WhiteFideId "1503014"]
[BlackFideId "13707647"]
[WhiteElo "2830"]
[BlackElo "2486"]
[Result "1-0"]
[Round "08"]
[TimeControl "180+1"]
[Date "2022.10.11"]
[WhiteClock "0:00:41"]
[BlackClock "0:00:17"]

1. g4 d5 2. h3 e5 3. d3 c6 4. Nf3 Bd6 5. c4 dxc4 6. dxc4 h5 7. g5 Be6 8. Nc3 Bxc4 9. g6 fxg6 10. Rg1 Ne7 11. e4 Bxf1 12. Kxf1 Na6 13. Be3 Qd7 14. Ng5 O-O-O 15. Bxa7 Rhf8 16. Na4 Bc7 17. Qxd7+ Rxd7 18. Ke2 b5 19. Nc5 Nxc5 20. Bxc5 Rf4 21. a4 Bd6 22. Be3 Rf6 23. axb5 cxb5 24. Rgc1+ Kb8 25. Ra5 Rb7 26. Nf3 Bc7 27. Ra3 Nc6 28. Rd3 Bb6 29. Rd5 Bxe3 30. Kxe3 Re6 31. Rcc5 b4 32. Ng5 Rf6 33. Nh7 Re6 34. Nf8 Re8 35. Nd7+ Kc7 36. Nxe5 Rxe5 37. Rxe5 Kb6 38. Rb5+ 1-0


[Site "https://www.chess.com"]

[Event "Titled Tuesday Blitz October 11 Early 2022"]
[White "Clawitter, Craig"]
[Black "Reprintsev, Alexander"]
[WhiteFideId "2023105"]
[BlackFideId "14100541"]
[WhiteElo "2285"]
[BlackElo "2230"]
[Result "0-1"]
[Round "08"]
[TimeControl "180+1"]
[Date "2022.10.12"]
[WhiteClock "0:00:11"]
[BlackClock "0:00:15"]

1. e4 d5 2. exd5 Qxd5 3. Nc3 Qa5 4. d4 Nf6 5. Nf3 Nc6 6. Bb5 Ne4 7. O-O Nxc3 8. Bxc6+ bxc6 9. Qe1 Ba6 10. bxc3 Bxf1 11. Kxf1 e6 12. Ne5 Bd6 13. Bf4 O-O 14. Kg1 Bxe5 15. Bxe5 Rab8 16. Qe3 f6 17. Bg3 Rfe8 18. Re1 Qxa2 19. h4 Rb1 20. h5 Rxe1+ 21. Qxe1 Qxc2 22. h6 g5 23. Bxc7 Kf7 24. Qa1 Re7 25. Bd6 Rb7 26. Qa6 Qb1+ 27. Kh2 Qb5 28. Qa3 a5 29. Bf8 Qd5 30. Bg7 Qd8 31. Qc5 Qe7 32. Qxa5 Qc7+ 33. Qxc7+ Rxc7 34. Kg3 c5 35. f4 gxf4+ 36. Kxf4 cxd4 37. cxd4 Rc2 38. g4 Kg6 39. g5 fxg5+ 40. Ke5 Re2+ 41. Kd6 g4 42. Be5 Kf5 43. Ke7 Rxe5 44. dxe5 g3 45. Kf7 g2 46. Kg8 g1=Q+ 47. Kh8 Kxe5 48. Kxh7 Kf6 49. Kh8 Kf7 50. h7 Qg7# 0-1


[Site "https://www.chess.com"]

[Event "Titled Tuesday Blitz October 11 Early 2022"]
[White "Colas, Joshua"]
[Black "Vokhidov, Shamsiddin"]
[WhiteFideId "2044447"]
[BlackFideId "14204223"]
[WhiteElo "2347"]
[BlackElo "2619"]
[Result "0-1"]
[Round "08"]
[TimeControl "180+1"]
[Date "2022.10.11"]
[WhiteClock "0:00:12"]
[BlackClock "0:00:42"]

1. Nf3 d5 2. c4 d4 3. b4 f6 4. e3 e5 5. c5 a5 6. Qa4+ Bd7 7. b5 Bxc5 8. Bc4 Ne7 9. exd4 exd4 10. O-O Bg4 11. Ne1 Nd7 12. Qb3 Ne5 13. Nd3 Qd6 14. Nxe5 fxe5 15. Qg3 Be6 16. Bxe6 Qxe6 17. Re1 Ng6 18. d3 O-O 19. Nd2 Bb4 20. Re2 Nf4 21. Re4 Qf5 22. Kh1 Nh5 23. Qf3 Qg6 24. Qe2 Nf6 25. Rxe5 Ng4 26. f3 Nxe5 27. Qxe5 Qxd3 28. Qe6+ Kh8 29. Qc4 Qc3 30. Rb1 Rae8 31. h4 Re1+ 32. Kh2 Bd6+ 33. Kh3 Rh1+ 0-1


[Site "https://www.chess.com"]

[Event "Titled Tuesday Blitz October 11 Early 2022"]
[White "Csonka, Balazs"]
[Black "Prokofiev, Valentyn"]
[WhiteFideId "742910"]
[BlackFideId "14160161"]
[WhiteElo "2404"]
[BlackElo "2259"]
[Result "1-0"]
[Round "08"]
[TimeControl "180+1"]
[Date "2022.10.11"]
[WhiteClock "0:00:06"]
[BlackClock "0:00:25"]

1. c4 g6 2. d4 Bg7 3. e4 c5 4. d5 d6 5. Nc3 Nf6 6. h3 O-O 7. Nf3 e6 8. Bd3 exd5 9. exd5 Re8+ 10. Be3 Rxe3+ 11. fxe3 Qe7 12. O-O Nbd7 13. e4 Nh5 14. e5 Nxe5 15. Nxe5 Bxe5 16. Qf3 Ng3 17. Rf2 h5 18. Re1 h4 19. Rxe5 dxe5 20. d6 Qf8 21. Nd5 Be6 22. Nc7 Rd8 23. Nxe6 fxe6 24. Qg4 Nf5 25. Qxg6+ Kh8 26. Bxf5 exf5 27. Rxf5 Qg7 28. Rh5+ Kg8 29. Qe6+ Qf7 30. Rh8+ Kg7 31. Qxf7+ Kxf7 32. Rxd8 1-0


[Site "https://www.chess.com"]

[Event "Titled Tuesday Blitz October 11 Early 2022"]
[White "Czernek, Tymon"]
[Black "Titichoca Daza, Daniel"]
[WhiteFideId "1199510"]
[BlackFideId "3309550"]
[WhiteElo "2240"]
[BlackElo "2105"]
[Result "1-0"]
[Round "08"]
[TimeControl "180+1"]
[Date "2022.10.12"]
[WhiteClock "0:02:13"]
[BlackClock "0:00:07"]

1. e4 c5 2. Nf3 e6 3. d4 cxd4 4. Nxd4 a6 5. Bd3 Nc6 6. Nb3 Nf6 7. O-O d6 8. f4 Be7 9. Be3 O-O 10. Nc3 b5 11. a4 b4 12. Nb1 Bb7 13. N1d2 Rc8 14. a5 Nd7 15. Nc4 Re8 16. Nb6 Nxb6 17. axb6 Bf6 18. Bxa6 Bxa6 19. Rxa6 Bxb2 20. b7 Rc7 21. Bb6 Qb8 22. Ra8 Rxb7 23. Rxb8 Rexb8 24. Bd4 Nxd4 25. Nxd4 Rc8 26. Nb3 Rbc7 27. Qxd6 Rxc2 28. Qxb4 h6 29. f5 Re2 30. fxe6 fxe6 31. Nd4 Bxd4+ 32. Qxd4 Rcc2 33. Qe5 Rxg2+ 34. Kh1 Kh7 35. Rg1 Rxg1+ 36. Kxg1 Rc6 37. Kf2 Ra6 38. h4 Rc6 39. h5 Ra6 40. Qg3 Ra2+ 41. Ke1 Ra1+ 42. Kd2 Ra2+ 43. Kc1 Ra1+ 44. Kb2 Ra5 45. Qg6+ Kh8 46. Qxe6 Kh7 47. Qg6+ Kh8 48. Qe8+ Kh7 49. e5 Rd5 50. Qg6+ Kh8 51. e6 Re5 52. Qf7 Kh7 53. e7 Re2+ 54. Kc3 Re3+ 55. Kd4 Re1 56. Qg6+ 1-0


[Site "https://www.chess.com"]

[Event "Titled Tuesday Blitz October 11 Early 2022"]
[White "Dardha, Daniel"]
[Black "Bacrot, Etienne"]
[WhiteFideId "240990"]
[BlackFideId "605506"]
[WhiteElo "2528"]
[BlackElo "2666"]
[Result "1-0"]
[Round "08"]
[TimeControl "180+1"]
[Date "2022.10.11"]
[WhiteClock "0:00:32"]
[BlackClock "0:00:37"]

1. e4 c5 2. Nf3 d6 3. d4 cxd4 4. Nxd4 Nf6 5. Nc3 Nc6 6. Bg5 e6 7. Qd2 a6 8. O-O-O Bd7 9. f4 Be7 10. Nf3 b5 11. e5 b4 12. exf6 bxc3 13. Qxc3 gxf6 14. Bh4 Rg8 15. Kb1 Rb8 16. g3 a5 17. Be2 d5 18. f5 Rg4 19. fxe6 fxe6 20. Nd4 Rxd4 21. Rxd4 Nxd4 22. Qxd4 Kf7 23. Rf1 Rb4 24. Qd2 Kg7 25. Bd3 a4 26. Bxf6+ Bxf6 27. Qxb4 e5 28. Qb7 Qe7 29. Qxd5 a3 30. Qe4 1-0


[Site "https://www.chess.com"]

[Event "Titled Tuesday Blitz October 11 Early 2022"]
[White "Dehtiarov, Roman"]
[Black "Begunov, Konstantin"]
[WhiteFideId "14186640"]
[BlackFideId "4118510"]
[WhiteElo "2200"]
[BlackElo "2225"]
[Result "1-0"]
[Round "08"]
[TimeControl "180+1"]
[Date "2022.10.12"]
[WhiteClock "0:01:36"]
[BlackClock "0:00:11"]

1. e4 c5 2. Nc3 d6 3. f4 g6 4. Nf3 Bg7 5. Bb5+ Bd7 6. Bxd7+ Qxd7 7. O-O Nc6 8. d3 Nf6 9. Qe1 O-O 10. h3 Rab8 11. Be3 b5 12. Qh4 b4 13. Ne2 a5 14. g4 a4 15. Rab1 a3 16. b3 Rfe8 17. f5 Ne5 18. Nxe5 dxe5 19. Ng3 Qc6 20. g5 Nd7 21. Rf2 f6 22. Rbf1 Nf8 23. fxg6 hxg6 24. gxf6 exf6 25. Rxf6 Bxf6 26. Rxf6 Re6 27. Rf1 Rb7 28. Qg4 Rf7 29. Nf5 Ref6 30. Nh6+ Kg7 31. Nxf7 Rxf1+ 32. Kxf1 Qf6+ 33. Ke2 Kxf7 34. Bxc5 Qc6 35. Qf3+ Ke6 36. Qxf8 1-0


[Site "https://www.chess.com"]

[Event "Titled Tuesday Blitz October 11 Early 2022"]
[White "Di Nicolantonio, Lucas"]
[Black "Kalajzic, Ivan"]
[WhiteFideId "680460"]
[BlackFideId "14506378"]
[WhiteElo "2381"]
[BlackElo "2163"]
[Result "1-0"]
[Round "08"]
[TimeControl "180+1"]
[Date "2022.10.12"]
[WhiteClock "0:01:03"]
[BlackClock "0:01:31"]

1. Nf3 Nc6 2. g3 e5 3. d3 Bc5 4. Bg2 d6 5. c3 Bg4 6. h3 Bf5 7. d4 exd4 8. cxd4 Bb4+ 9. Nc3 Be4 10. O-O Bxc3 11. bxc3 Nf6 12. c4 O-O 13. d5 Ne5 14. Nxe5 dxe5 15. f3 Bg6 16. e4 Nd7 17. f4 f5 18. Bb2 exf4 19. e5 fxg3 20. Qd4 Qg5 21. Rae1 b6 22. Rf4 Nc5 23. h4 Qh6 24. d6 Ne4 25. Bxe4 Qxf4 26. Bd5+ 1-0


[Site "https://www.chess.com"]

[Event "Titled Tuesday Blitz October 11 Early 2022"]
[White "Dilmukhametov, Artur"]
[Black "Mohammadian, Mohammad"]
[WhiteFideId "24179922"]
[BlackFideId "12566055"]
[WhiteElo "2197"]
[BlackElo "1489"]
[Result "1-0"]
[Round "08"]
[TimeControl "180+1"]
[Date "2022.10.12"]
[WhiteClock "0:01:39"]
[BlackClock "0:01:45"]

1. e4 e5 2. Nf3 Nc6 3. d4 exd4 4. Nxd4 Bc5 5. Be3 Qf6 6. c3 Nge7 7. Bd3 d5 8. exd5 Nxd5 9. Qe2 O-O 10. Nxc6 Nxe3 11. fxe3 Qxc6 12. Nd2 Bxe3 13. O-O-O Re8 14. Qh5 Bxd2+ 15. Rxd2 g6 16. Qg5 Be6 17. Bb5 Qd5 18. Rxd5 Bxd5 19. Bxe8 Rxe8 20. Qxd5 1-0


[Site "https://www.chess.com"]

[Event "Titled Tuesday Blitz October 11 Early 2022"]
[White "Djokic, Mihailo"]
[Black "Fernandez Garcia, Gumersindo"]
[WhiteFideId "976440"]
[BlackFideId "24516740"]
[WhiteElo "2315"]
[BlackElo "2072"]
[Result "1-0"]
[Round "08"]
[TimeControl "180+1"]
[Date "2022.10.12"]
[WhiteClock "0:02:08"]
[BlackClock "0:00:43"]

1. e4 c5 2. Nf3 e6 3. d4 cxd4 4. Nxd4 Nf6 5. Nc3 Nc6 6. Ndb5 Bb4 7. Bf4 Nxe4 8. Qf3 d5 9. Nc7+ Kf8 10. Nxa8 e5 11. Bd2 Nd4 12. Qd3 Nc5 13. Qg3 Nxc2+ 14. Kd1 Nxa1 15. Qxe5 Bg4+ 16. f3 Qxa8 17. Nxd5 Bxd2 18. Qd6+ Kg8 19. Ne7+ Kf8 20. Nc8+ Kg8 21. Qd8# 1-0


[Site "https://www.chess.com"]